 Dungeon Crawl Stone Soup version 0.23-a0-180-ga5275e7ff7 (webtiles) character file.

520591 PikkenKukken the Demonic Blade (level 24, -2/249 HPs)
             Began as a Demonspawn Fighter on Sept 17, 2018.
             Was the Champion of Okawaru.
             Slain by a titan (17 damage)
             ... on level 5 of the Vaults on Sept 18, 2018.
             The game lasted 02:43:53 (74774 turns).

PikkenKukken the Demonic Blade (DsFi)              Turns: 74774, Time: 02:43:56

Health: -2/249     AC: 35    Str: 37      XL:     24   Next: 63%
Magic:  0/9        EV: 16    Int: 13      God:    Okawaru [******]
Gold:   2646       SH: 28    Dex: 28 (29) Spells: 23/23 levels left

rFire    . . .     SeeInvis +   w - +9 double sword (antimagic)
rCold    + + .     Gourm    .   x - +2 large shield {reflect}
rNeg     + + .     Faith    .   Z - +9 plate armour of Ighal {Stlth+}
rPois    +         Spirit   +   c - +0 hat of Catatonia {-Cast rCorr Str+4}
rElec    .         Reflect  +   W - scarf {Spirit}
rCorr    +         Harm     .   O - +2 pair of gloves {Dex+3}
MR       +++++     Clarity  +   (boots unavailable) Stlth ..........NoCast +
                                i - amulet of the Four Winds {rN+ MR+++ Clar}
HPRegen  0.91/turn              u - ring "Vuckikk" {rC+ rN+ Str+2 Dex+2 Stlth+}
MPRegen  0.11/turn              s - ring "Adorgh" {rPois rC+ Str+2 Dex+3 SInv}

@: mighty, agile, about to teleport
A: hooves 3, slimy green scales 3, agile 1, clarity, clever 1, deterioration 1,
foul stench 2, magic resistance 1, powered by pain 2, regeneration 1, robust 2,
weak 1, rot immunity
}: 2/15 runes: barnacled, gossamer
a: Heroism, Finesse, Renounce Religion


You were on level 5 of the Vaults.
You worshipped Okawaru.
Okawaru was exalted by your worship.
You were very full.

You visited 9 branches of the dungeon, and saw 45 of its levels.
You visited the Abyss 1 time.
You also visited: Trove, Bailey, Ice Cave and Wizlab.

You collected 5638 gold pieces.
You spent 2992 gold pieces at shops.

Inventory:

Hand Weapons
 w - a +9 antimagic double sword (weapon)
 X - the +11 scimitar "Wirr" {speed, SInv}
   (You took it off a deep elf high priest on level 3 of the Elven Halls)

   Attacks with this weapon are significantly faster.
   It lets you see invisible.
Armour
 c - the +0 hat of Catatonia (worn) {-Cast rCorr Str+4}
   (Okawaru gifted it to you on level 2 of the Vaults)

   It affects your strength (+4).
   It prevents spellcasting.
   It provides partial protection from all sources of acid and corrosion.
 x - a +2 large shield of reflection (worn)
 O - a +2 pair of gloves of dexterity (worn)
 W - a scarf of spirit shield (worn)
 Z - the +9 plate armour of Ighal (worn) {Stlth+}
   (You took it off a deep elf high priest on level 3 of the Elven Halls)

   It makes you more stealthy.
Jewellery
 i - the amulet of the Four Winds (around neck) {rN+ MR+++ Clar}
   (You bought it in a shop on level 11 of the Dungeon)

   [amulet of nothing]

   It protects you from negative energy.
   It affects your resistance to hostile enchantments.
   It protects you against confusion.
 s - the ring "Adorgh" (right hand) {rPois rC+ Str+2 Dex+3 SInv}
   (You found it on level 15 of the Dungeon)

   [ring of see invisible]

   It affects your strength (+2).
   It affects your dexterity (+3).
   It protects you from cold.
   It protects you from poison.
   It lets you see invisible.
 u - the ring "Vuckikk" (left hand) {rC+ rN+ Str+2 Dex+2 Stlth+}
   (You took it off a merfolk aquamancer on level 4 of the Shoals)

   [ring of stealth]

   It affects your strength (+2).
   It affects your dexterity (+2).
   It protects you from cold.
   It protects you from negative energy.
   It makes you more stealthy.
 y - the ring of Taetesig {rF+ rC+ MR+}
   (You acquired it in an ice cave)

   [ring of protection from magic]

   It protects you from fire.
   It protects you from cold.
   It affects your resistance to hostile enchantments.
 A - the ring of Verywial {rElec EV+1}
   (You took it off a deep elf annihilator on level 3 of the Elven Halls)

   [ring of evasion]

   It affects your evasion (+1).
   It insulates you from electricity.
 J - the ring of Pantheism {EV+4 Dex+4}
   (You found it on level 15 of the Dungeon)

   [ring of evasion]

   It affects your evasion (+4).
   It affects your dexterity (+4).
Wands
 j - a wand of paralysis (4)
 C - a wand of scattershot (13)
 M - a wand of iceblast (34)
 P - a wand of digging (39)
Scrolls
 a - 5 scrolls of fear
 b - 16 scrolls of identify
 g - 19 scrolls of teleportation
 o - 6 scrolls of enchant weapon
 p - 19 scrolls of remove curse
 q - 5 scrolls of magic mapping
 t - 11 scrolls of amnesia
 B - a scroll of summoning
 I - a scroll of blinking
 L - a scroll of silence
Potions
 d - 3 potions of cancellation
 e - 10 potions of might
 h - 7 potions of agility
 l - 5 potions of resistance
 m - 18 potions of curing
 n - 8 potions of magic
 r - 8 potions of ambrosia
 v - 3 potions of invisibility
 z - 7 potions of brilliance
 E - 8 potions of flight
 F - 6 potions of haste
 G - a potion of berserk rage
 S - 2 potions of mutation
Comestibles
 f - 56 rations


   Skills:
 + Level 21.1 Fighting
 * Level 24.2 Long Blades
 + Level 18.3 Armour
 - Level 4.1 Dodging
 + Level 17.5 Shields
 - Level 8.7 Invocations


You had 23 spell levels left.
You didn't know any spells.
Your spell library contained the following spells:

 Spells                   Type           Power        Failure   Level  Hunger
 Animate Skeleton         Necr           N/A          95%         1    ##.....
 Apportation              Tloc           #.....       95%         1    ##.....
 Beastly Appendage        Tmut           #.....       95%         1    ##.....
 Corona                   Hex            #......      95%         1    ##.....
 Flame Tongue             Conj/Fire      #....        95%         1    ##.....
 Infusion                 Chrm           #...         95%         1    ##.....
 Magic Dart               Conj           #...         95%         1    ##.....
 Sandblast                Erth           #.....       95%         1    ##.....
 Shock                    Conj/Air       #...         95%         1    ##.....
 Sting                    Conj/Pois      #...         95%         1    ##.....
 Blink                    Tloc           N/A          99%         2    ###....
 Call Imp                 Summ           #.......     99%         2    ###....
 Ensorcelled Hibernation  Hex/Ice        #.....       99%         2    ###....
 Passwall                 Tmut/Erth      #.......     99%         2    ###....
 Shroud of Golubria       Chrm/Tloc      #.........   99%         2    ###....
 Slow                     Hex            #.......     99%         2    ###....
 Song of Slaying          Chrm           #.......     99%         2    ###....
 Sticks to Snakes         Tmut           #.......     99%         2    ###....
 Swiftness                Chrm/Air       #.......     99%         2    ###....
 Throw Flame              Conj/Fire      #.....       99%         2    ###....
 Throw Frost              Conj/Ice       #.....       99%         2    ###....
 Conjure Flame            Conj/Fire      #.......     100%        3    ####...
 Dazzling Spray           Conj/Hex       #.....       100%        3    ####...
 Gell's Gravitas          Tloc           #.........   100%        3    ####...
 Ignite Poison            Fire/Tmut/Pois #.......     100%        3    ####...
 Inner Flame              Hex/Fire       #.......     100%        3    ####...
 Lesser Beckoning         Tloc           #.........   100%        3    ####...
 Mephitic Cloud           Conj/Pois/Air  #.......     100%        3    ####...
 Ozocubu's Armour         Chrm/Ice       #.......     100%        3    ####...
 Portal Projectile        Hex/Tloc       #.....       100%        3    ####...
 Recall                   Summ/Tloc      N/A          100%        3    ####...
 Regeneration             Chrm/Necr      #.........   100%        3    ####...
 Spectral Weapon          Hex/Chrm       #.......     100%        3    ####...
 Spider Form              Tmut/Pois      #.........   100%        3    ####...
 Static Discharge         Conj/Air       #.......     100%        3    ####...
 Stone Arrow              Conj/Erth      #.....       100%        3    ####...
 Vampiric Draining        Necr           #.........   100%        3    ####...
 Animate Dead             Necr           N/A          100%        4    #####..
 Cause Fear               Hex            #.........   100%        4    #####..
 Force Lance              Conj/Tloc      #.......     100%        4    #####..
 Fulminant Prism          Conj/Hex       #.........   100%        4    #####..
 Ice Form                 Ice/Tmut       #.......     100%        4    #####..
 Iskenderun's Mystic Bla  Conj           #.......     100%        4    #####..
 Leda's Liquefaction      Hex/Erth       #.........   100%        4    #####..
 Petrify                  Tmut/Erth      #.......     100%        4    #####..
 Sticky Flame             Conj/Fire      #.......     100%        4    #####..
 Summon Ice Beast         Ice/Summ       #.......     100%        4    #####..
 Summon Lightning Spire   Summ/Air       #.......     100%        4    #####..
 Throw Icicle             Conj/Ice       #.......     100%        4    #####..
 Alistair's Intoxication  Tmut/Pois      #.......     100%        5    ######.
 Aura of Abjuration       Summ           #.........   100%        5    ######.
 Blade Hands              Tmut           #.........   100%        5    ######.
 Bolt of Draining         Conj/Necr      #.........   100%        5    ######.
 Bolt of Magma            Conj/Fire/Erth #.........   100%        5    ######.
 Borgnjor's Vile Clutch   Necr/Erth      #.........   100%        5    ######.
 Dispel Undead            Necr           #.......     100%        5    ######.
 Fireball                 Conj/Fire      #.........   100%        5    ######.
 Iskenderun's Battlesphe  Conj/Chrm      #.......     100%        5    ######.
 Lee's Rapid Deconstruct  Erth           #.........   100%        5    ######.
 Lightning Bolt           Conj/Air       #.........   100%        5    ######.
 Silence                  Hex/Air        #.........   100%        5    ######.
 Summon Demon             Summ           #.........   100%        5    ######.
 Summon Forest            Summ/Tloc      #.........   100%        5    ######.
 Summon Mana Viper        Hex/Summ       #.......     100%        5    ######.
 Darkness                 Hex            #.........   100%        6    #######
 Death Channel            Necr           #.........   100%        6    #######
 Dispersal                Tloc           #.........   100%        6    #######
 Hydra Form               Tmut           #.........   100%        6    #######
 Iron Shot                Conj/Erth      #.........   100%        6    #######
 Shadow Creatures         Summ           N/A          100%        6    #######
 Simulacrum               Ice/Necr       #.........   100%        6    #######
 Statue Form              Tmut/Erth      #........    100%        6    #######
 Dragon Form              Tmut           #.........   100%        7    #######
 Ring of Flames           Chrm/Fire      #.........   100%        7    #######
 Controlled Blink         Tloc           N/A          100%        8    #######
 Disjunction              Tloc           #.........   100%        8    #######
 Ignition                 Fire           #.........   100%        8    #######
 Shatter                  Erth           #.........   100%        9    #######
 Tornado                  Air            #.........   100%        9    #######


Dungeon Overview and Level Annotations

Branches:
Dungeon (15/15)            Temple (1/1) D:7            Lair (6/6) D:9
 Shoals (4/4) Lair:2       Spider (4/4) Lair:4        Slime (0/5) Lair:6
    Orc (2/2) D:11            Elf (3/3) Orc:2        Vaults (5/5) D:13
  Crypt (0/3) Vaults:2     Depths (5/5) D:15            Zot (0/5) Depths:5

Altars:
Ashenzari
Cheibriados
Dithmenos
Elyvilon
Fedhas
Gozag
Hepliaklqana
Kikubaaqudgha
Makhleb
Nemelex Xobeh
Okawaru
Qazlal
Ru
Sif Muna
Trog
Uskayaw
Vehumet
Wu Jian
Xom
Yredelemnul
Zin
The Shining One
Beogh
Lugonu

Shops:
D:8 (   D:9 [   D:11 =   Orc:2 [:*(   Elf:2 =}}[   Vaults:1 *   Vaults:3 *[**
Depths:1 [   Depths:2 *

Portals:
Hell: Depths:1 Depths:2 Depths:3 Depths:4 Depths:5
Abyss: Depths:2 Depths:4
Pandemonium: Depths:3 Depths:5
Ziggurat: Depths:5
Ice
Cave: Shoals:2

Annotations:
Lair:2 exclusion: 3 oklob plants
Lair:6 exclusion: oklob plant
Spider:3 exclusion: Roxanne, Roxanne
Orc:2 1 runed door, strelocc's ghost, adept FoFi
Elf:1 1 runed door, Waci's ghost, journeyman SpEn


Innate Abilities, Weirdness & Mutations

You have hooves in place of feet.
You are completely covered in slimy green scales. (AC +4, rPois)
You frequently emit foul miasma when damaged in melee.
You sometimes gain power by taking damage.
You are very robust. (+20% HP)
You are immune to rotting.
You are agile. (Dex +2)
You possess an exceptional clarity of mind.
Your mind is acute. (Int +2)
Your body sometimes deteriorates upon taking damage.
You are resistant to hostile enchantments. (MR+)
Your natural rate of healing is unusually fast.
You are weak. (Str -2)


Message History

You emit a cloud of foul miasma!
You slice the titan!!
The titan's magic leaks into the air.
You kick the titan.
The titan is moderately wounded.
The titan is engulfed in dark miasma.
The titan is poisoned.
The titan hits you!!
* * * LOW HITPOINT WARNING * * *
You slice the titan!!
The titan's magic leaks into the air.
You kick the titan, but do no damage.
The titan is severely wounded.
A ghost moth comes into view.
The titan is engulfed in dark miasma.
The titan looks even sicker.
The titan falters for a moment.
Unknown command.
As you read the scroll of teleportation, it crumbles to dust.
You feel strangely unstable. The ghost moth stares at you.
You feel your power leaking away.
The titan is engulfed in dark miasma.
The titan looks even sicker.
The titan seems to slow down.
The titan hits you!
You die...

***********#######........##*****
,,,,,,,,,,,..........$......,,,,,
,,,,,,,,,,,....p.....<<.....,,,,,
,,,,,,,,,,,.........<..<....,,,,,
,,,,,,,,,,,.........W<<.....,,,,,
***********#######9XH.....##*****
,*,*,*,,,,,#.#.#pc..cc..!...,,,,,
,,,*,*,*,*,#.#.#C#.#p...#...,,,,,
,*,*,*,*,*,#...#@#p#....#,.#**,,*
,*,*,,,*,*,#.#)#)#.#....#,,#,,,,,
,*,*,*,,,*,#.#)))#.#....#,,*,,,,,
,*,,,*,*,,,#...#)#.#....#,,,,,,,*
,*,*,*,*,*,#.#)#)#.#,,..#,,,,,,,*
,*,*,,,*,*...#.#)#.#,,,,*,,*,,***
,*,*,*,*,#.#)#.#)#,*,,,,*,,,,,,,,
,,,*,*,*...#.#.))#,*,,,,*,,*,,*,,
,*,*,,,*.#,*,#)#.#,*,,,,*,,,,,,,,


You could see a titan, a vault guard, a war gargoyle and a yaktaur.

Vanquished Creatures
  A juggernaut (Depths:3)
  2 ancient liches
  Sojobo (Depths:5)
  The ghost of Execuda the Victor of a Thousand Battles, a veteran GnFi of Okawaru (Depths:2)
  3 caustic shrikes (Depths:5)
  4 golden dragons
  Nikola (Spider:2)
  The ghost of Sergey the Champion of Chaos, an adept DDFi of Makhleb (Depths:2)
  The ghost of Offe the Warrior, a veteran GrFi of Okawaru (Depths:2)
  7 tentacled monstrosities (Vaults:5)
  A quicksilver dragon (Vaults:5)
  Rupert (D:13)
  3 liches
  A deep elf blademaster (Elf:2)
  A titan (Depths:2)
  2 sphinxes
  2 deep elf master archers (Elf:3)
  A tentacled starspawn (Abyss:3)
  2 ancient champions
  An acid blob (shapeshifter) (Vaults:5)
  Polyphemus (Shoals:4)
  Frances (Elf:1)
  3 tengu reavers
  A storm dragon (Depths:5)
  5 shadow dragons
  10 fire giants
  A revenant (Vaults:2)
  7 frost giants
  A draconian knight (Depths:5)
  3 ghost moths (Spider:4)
  4 deep elf elementalists
  2 iron dragons
  15 vault wardens
  6 deep elf sorcerers
  An orc warlord (Orc:1)
  2 emperor scorpions (Spider:4)
  A draconian shifter (Depths:5)
  17 very ugly things
  18 ironheart preservers
  6 vampire knights
  20 stone giants
  3 entropy weavers
  8 deep elf demonologists
  2 war gargoyles (Vaults:5)
  The ghost of Adaequkiuc the Fighter, a journeyman MiFi of Okawaru (Orc:1)
  A white draconian (Depths:5)
  A yellow draconian (Depths:5)
  11 deep elf annihilators
  Nessos (D:13)
  2 green draconians (Depths:5)
  12 spark wasps
  Azrael (Elf:2)
  2 merfolk javelineers
  8 ettins
  A crystal guardian (Vaults:3)
  2 ettins (shapeshifter)
  9 merfolk impalers
  7 fire dragons
  10 deep elf death magi
  16 yaktaur captains
  Josephine (D:15)
  Snorg (Orc:2)
  6 deep elf high priests
  A fire dragon (shapeshifter) (Depths:3)
  3 naga warriors
  Harold (D:7)
  10 great orbs of eyes
  4 spriggan air magi
  18 ice dragons
  A catoblepas (Shoals:4)
  40 vault guards
  8 hydras
  7 rakshasas
  3 merfolk aquamancers (Shoals:4)
  11 centaur warriors
  A death knight (Vaults:1)
  31 two-headed ogres
  25 ogre magi
  2 tengu warriors (D:15)
  17 dancing weapons
  2 deep troll shamans
  8 death yaks
  3 satyrs
  3 deep troll earth magi
  A satyr (shapeshifter) (Vaults:5)
  2 vampire magi
  4 orc high priests
  2 thrashing horrors (Abyss:3)
  3 spriggan berserkers
  3 sun demons
  17 deep elf knights
  4 large abominations
  3 soul eaters (Depths:1)
  4 wretched stars (Abyss:3)
  2 iron trolls (Depths:3)
  Sonja (D:13)
  2 shadow wraiths
  11 skeletal warriors
  2 sixfirhies
  2 salamander mystics
  2 shadow demons
  6 unseen horrors
  3 flayed ghosts
  A golden dragon zombie (Depths:3)
  A glowing orange brain (Depths:5)
  7 starcursed masses (Abyss:3)
  11 sea snakes
  12 deep elf archers
  12 deep trolls
  Pikel (D:4)
  10 wizards
  14 ironbrand convokers
  A tengu zombie (Depths:3)
  4 phantasmal warriors
  30 wolf spiders
  An obsidian statue (Depths:1)
  A shadow dragon zombie (Vaults:3)
  26 harpies
  A wolf spider zombie (D:15)
  A harpy (shapeshifter) (Vaults:2)
  3 orc sorcerers (Orc:2)
  15 orc knights
  6 necromancers
  2 moths of wrath
  22 ugly things
  19 orb spiders
  12 cyclopes
  54 deep elf magi
  10 salamanders
  14 manticores
  12 fauns
  9 merfolk sirens
  A spriggan zombie (Depths:3)
  A fire giant skeleton (Vaults:3)
  13 elephants
  22 vault sentinels
  A guardian serpent (shapeshifter) (Depths:2)
  A naga mage (D:15)
  2 rust devils (Depths:5)
  2 apocalypse crabs
  6 black mambas
  Maurice (D:9)
  5 ice statues (IceCv)
  A water nymph (shapeshifter) (Depths:2)
  A black mamba (shapeshifter) (Depths:4)
  3 water nymphs
  A guardian serpent (Abyss:3)
  4 smoke demons
  4 orange demons
  9 spiny frogs
  A torpor snail (Spider:1)
  2 komodo dragons
  46 yaktaurs
  A hellion (Depths:5)
  8 demonic crawlers
  5 freezing wraiths
  5 kobold demonologists
  3 ice devils
  An efreet (D:14)
  3 anaconda simulacra (IceCv)
  2 hellwings (Depths:3)
  A golden dragon simulacrum (IceCv)
  4 trolls
  2 ancient zymes (Abyss:3)
  2 meliai (shapeshifter)
  2 tengu conjurers
  7 polar bears (Lair:6)
  2 wind drakes (Shoals:4)
  3 red devils
  37 jumping spiders
  A jumping spider (shapeshifter) (Depths:2)
  30 merfolk
  9 hornets
  19 blink frogs
  7 hippogriffs
  A harpy skeleton (D:15)
  3 dream sheep
  2 hippogriffs (shapeshifter)
  5 raiju
  12 slime creatures
  A stone giant simulacrum (Vaults:3)
  An air elemental (Elf:3)
  An ettin zombie (Vaults:1)
  16 snapping turtles
  2 centaur simulacra (D:15)
  5 flying skulls (Abyss:3)
  17 tarantellas
  4 vampires
  2 yaks (shapeshifter)
  7 wraiths
  65 redbacks
  A spriggan (D:15)
  A spriggan (shapeshifter) (Depths:5)
  14 water elementals
  A shadow (D:13)
  3 wyverns
  33 yaks
  4 basilisks
  A human (shapeshifter) (D:13)
  2 neqoxecs (Abyss:3)
  4 fire elementals
  A dire elephant simulacrum (IceCv)
  3 hungry ghosts
  2 human simulacra (Vaults:1)
  3 chaos spawn (Abyss:3)
  13 wargs
  A soldier ant (shapeshifter) (Vaults:2)
  7 vampire mosquitoes
  2 nagas
  5 two-headed ogre zombies (WizLab)
  3 harpy simulacra (IceCv)
  A swamp worm (shapeshifter) (Depths:4)
  A hydra simulacrum (IceCv)
  An acid dragon (D:13)
  11 water moccasins
  A soldier ant (D:13)
  An ogre skeleton (Vaults:1)
  5 porcupines
  2 floating eyes (Depths:2)
  17 hell hounds
  3 phantoms
  39 orc warriors
  11 black bears (Lair:6)
  4 sky beasts
  2 necrophages
  An eye of draining (D:12)
  9 ice beasts
  47 ogres
  13 wolves (Lair:6)
  12 centaurs
  3 boggarts (Depths:2)
  12 crocodiles
  2 human skeletons (Vaults:3)
  2 human zombies (Vaults:1)
  5 big kobolds
  11 bullfrogs
  3 elf zombies (Elf:1)
  A wyvern zombie (D:10)
  A deep troll simulacrum (Vaults:1)
  9 gnoll sergeants
  3 earth elementals
  A glowing shapeshifter simulacrum (Vaults:2)
  2 wyvern skeletons
  2 scorpions
  20 killer bees
  5 troll zombies (WizLab)
  24 wights
  5 howler monkeys
  7 electric eels
  20 crimson imps
  3 bullfrog zombies
  3 quasits
  5 centaur zombies
  8 gnoll shamans
  19 orc priests
  9 hounds
  4 jellies
  7 centaur skeletons
  3 iron imps
  3 iguanas
  13 orc wizards
  3 small abominations (Abyss:3)
  11 worker ants
  2 hell rats (Lair:2)
  6 ogre zombies (WizLab)
  A worker ant zombie (D:5)
  Robin (D:4)
  27 gnolls
  6 river rats (Lair:2)
  9 adders
  8 shadow imps
  6 white imps
  4 ufetubi (Depths:5)
  2 oozes
  4 adder skeletons
  4 worms
  2 dart slugs (D:1)
  3 leopard geckos
  64 orcs
  A ball python (D:5)
  3 giant cockroaches
  17 goblins
  8 hobgoblins
  5 jackals
  23 kobolds
  3 quokkas
  7 bats
  6 frilled lizards
  A jackal skeleton (D:5)
  2 leopard gecko skeletons
  A quokka skeleton (D:4)
  12 rats
  A plant (Shoals:4)
2031 creatures vanquished.

Vanquished Creatures (others)
  A stone giant (Depths:3)
  3 yaktaur captains
  A great orb of eyes (Depths:2)
  An orc high priest (Orc:2)
  A deep elf mage (Elf:1)
  An ugly thing (Depths:2)
  6 yaktaurs
  A jumping spider (Spider:4)
  A water elemental (Elf:2)
  A big kobold (Depths:2)
  An iron imp (Depths:1)
  An orc wizard (D:8)
  4 gnolls (D:4)
  A goblin (D:4)
  25 fungi
  36 plants
  2 starspawn tentacles (Abyss:3)
  A withered plant (Depths:2)
88 creatures vanquished.

Grand Total: 2119 creatures vanquished

Notes
Turn   | Place    | Note
-------+----------+-------------------------------------------
     0 | D:1      | PikkenKukken the Demonspawn Fighter began the quest for the
                  | Orb.
     0 | D:1      | Reached XP level 1. HP: 18/18 MP: 1/1
   123 | D:1      | Reached skill level 2 in Long Blades
   146 | D:1      | Gained mutation: You are partially covered in slimy green
                  | scales. (AC +2) [demonic ancestry]
   146 | D:1      | Reached XP level 2. HP: 24/24 MP: 2/2
  1018 | D:2      | Reached XP level 3. HP: 27/29 MP: 3/3
  1229 | D:2      | Reached XP level 4. HP: 28/35 MP: 4/4
  2102 | D:3      | Reached skill level 3 in Long Blades
  2380 | D:3      | Found a shadowy altar of Dithmenos.
  2515 | D:4      | Found a shimmering altar of Xom.
  2552 | D:4      | Gained mutation: You have large cloven feet. [demonic
                  | ancestry]
  2552 | D:4      | Reached XP level 5. HP: 37/42 MP: 5/5
  2900 | D:4      | Noticed Robin
  2902 | D:4      | Noticed an ogre
  2908 | D:4      | Killed an ogre
  2908 | D:4      | Reached skill level 4 in Long Blades
  2908 | D:4      | Gained mutation: You are immune to rotting. [demonic
                  | ancestry]
  2908 | D:4      | Reached XP level 6. HP: 36/48 MP: 6/6
  2911 | D:4      | Noticed Pikel
  2913 | D:4      | Noticed a slave
  2916 | D:4      | Noticed a slave
  2917 | D:4      | Noticed a slave
  2924 | D:4      | Noticed a slave
  2931 | D:4      | Killed Robin
  2951 | D:4      | Killed Pikel
  2951 | D:4      | Reached skill level 5 in Long Blades
  2951 | D:4      | Reached XP level 7. HP: 15/55 MP: 7/7
  3675 | D:5      | Entered Level 5 of the Dungeon
  3958 | D:5      | Reached skill level 5 in Fighting
  4233 | D:5      | Gained mutation: You are mostly covered in slimy green
                  | scales. (AC +3) [demonic ancestry]
  4233 | D:5      | Reached XP level 8. HP: 45/62 MP: 8/8
  4764 | D:5      | Found a stormy altar of Qazlal.
  5110 | D:6      | Reached skill level 6 in Long Blades
  5165 | D:6      | Reached skill level 5 in Armour
  5165 | D:6      | Reached skill level 5 in Shields
  6054 | D:6      | Reached skill level 7 in Long Blades
  6175 | D:6      | Reached XP level 9. HP: 68/69 MP: 9/9
  6659 | D:7      | Found a staircase to the Ecumenical Temple.
  6661 | D:7      | Noticed Harold
  6700 | D:7      | Killed Harold
  6700 | D:7      | Reached skill level 8 in Long Blades
  6763 | Temple   | Entered the Ecumenical Temple
  7820 | D:7      | Gained mutation: You have hoof-like feet. [demonic
                  | ancestry]
  7820 | D:7      | Reached XP level 10. HP: 79/79 MP: 10/10
  9010 | D:8      | Found Daejysatz's Antique Weapon Boutique.
  9223 | D:8      | Reached skill level 9 in Long Blades
  9234 | D:8      | Bought a runed long sword for 195 gold pieces
  9374 | D:8      | Found an ancient bone altar of Kikubaaqudgha.
  9959 | D:8      | Found an iron altar of Okawaru.
  9963 | D:8      | Found a hide-covered altar of Uskayaw.
  9965 | D:8      | Found a bloodstained altar of Trog.
  9966 | D:8      | Found an opulent altar of Gozag.
  9968 | D:8      | Became a worshipper of Warmaster Okawaru
 10205 | D:8      | Identified a scroll of acquirement
 10704 | D:9      | Found Acour's Armour Shop.
 10731 | D:9      | Found a sacrificial altar of Ru.
 10742 | D:9      | Noticed Maurice
 10798 | D:9      | Killed Maurice
 10917 | D:9      | Identified the Grimoire of Unstable Translocation
 10956 | D:9      | Reached * piety under Okawaru
 11053 | D:9      | Found a radiant altar of Vehumet.
 11054 | D:9      | Found a burning altar of Makhleb.
 11073 | D:9      | Found a staircase to the Lair.
 11133 | D:9      | Found a basalt altar of Yredelemnul.
 11186 | D:9      | Found a snail-covered altar of Cheibriados.
 11234 | D:10     | Entered Level 10 of the Dungeon
 11579 | D:10     | Noticed a two-headed ogre
 11589 | D:10     | Killed a two-headed ogre
 11589 | D:10     | Reached ** piety under Okawaru
 11589 | D:10     | Reached skill level 10 in Long Blades
 12191 | Lair:1   | Entered Level 1 of the Lair of Beasts
 12191 | Lair:1   | Noticed a four-headed hydra
 12203 | Lair:1   | Killed a four-headed hydra
 12203 | Lair:1   | Reached skill level 1 in Invocations
 12203 | Lair:1   | Gained mutation: You have hooves in place of feet. [demonic
                  | ancestry]
 12203 | Lair:1   | Reached XP level 11. HP: 86/86 MP: 8/11
 12342 | Lair:1   | Reached *** piety under Okawaru
 13215 | Lair:2   | Noticed a five-headed hydra
 13227 | Lair:2   | Killed a five-headed hydra
 13337 | Lair:2   | Reached **** piety under Okawaru
 13459 | Lair:2   | Noticed an eight-headed hydra
 13476 | Lair:2   | Killed an eight-headed hydra
 13535 | Lair:2   | Reached skill level 11 in Long Blades
 14069 | Lair:2   | Reached ***** piety under Okawaru
 14166 | Lair:2   | Found a staircase to the Shoals.
 14175 | Lair:2   | Reached skill level 5 in Invocations
 14197 | Lair:2   | HP: 1/89 [electric eel/bolt of electricity (8)]
 14492 | Lair:2   | Received a gift from Okawaru
 14509 | Lair:2   | Noticed an oklob plant
 14509 | Lair:2   | Noticed an oklob plant
 14509 | Lair:2   | Noticed an oklob plant
 14946 | Lair:3   | Noticed a six-headed hydra
 14966 | Lair:3   | Killed a six-headed hydra
 14966 | Lair:3   | Gained mutation: You sometimes gain a little power by
                  | taking damage. [demonic ancestry]
 14966 | Lair:3   | Reached XP level 12. HP: 82/95 MP: 7/16
 15103 | Lair:3   | Identified the Reference Book on Quantum Venom
 16254 | Lair:4   | Noticed a six-headed hydra
 16272 | Lair:4   | Killed a six-headed hydra
 16774 | Lair:4   | Found a hole to the Spider Nest.
 17404 | Lair:5   | Reached skill level 12 in Long Blades
 17410 | Lair:5   | Received a gift from Okawaru
 17836 | Lair:5   | Noticed an eight-headed hydra
 17845 | Lair:5   | Killed an eight-headed hydra
 17928 | Lair:5   | Reached skill level 10 in Fighting
 18065 | Lair:5   | Reached XP level 13. HP: 93/103 MP: 18/18
 18507 | Lair:6   | Entered Level 6 of the Lair of Beasts
 18966 | Lair:6   | Found a staircase to the Slime Pits.
 19070 | Lair:6   | Received a gift from Okawaru
 19071 | Lair:6   | Found the +11 plutonium sword {*Contam Stlth-}
 19347 | Lair:6   | Got a smelly chain mail
 19358 | Lair:6   | Identified the +3 chain mail of Noggar {rPois Str-3 Int+7
                  | Stlth+} (You found it on level 6 of the Lair of Beasts)
 19565 | Lair:6   | Reached skill level 13 in Long Blades
 19664 | Lair:6   | Reached skill level 10 in Armour
 19976 | Lair:6   | Received a gift from Okawaru
 20816 | D:11     | Found Kixti's Jewellery Shoppe.
 20819 | D:11     | Found a staircase to the Orcish Mines.
 20822 | D:11     | Bought the amulet of the Four Winds {rN+ MR+++ Clar} for
                  | 746 gold pieces
 20822 | D:11     | Found the amulet of the Four Winds {rN+ MR+++ Clar}
 21710 | Orc:1    | Entered Level 1 of the Orcish Mines
 21882 | Orc:1    | Found a runed gate.
 21882 | Orc:1    | Found a runed gate.
 21883 | Orc:1    | Found a runed gate.
 21883 | Orc:1    | Noticed Adaequkiuc's ghost (journeyman MiFi)
 21915 | Orc:1    | Killed Adaequkiuc's ghost
 21915 | Orc:1    | Gained mutation: You may emit foul miasma when damaged in
                  | melee. [demonic ancestry]
 21915 | Orc:1    | Reached XP level 14. HP: 90/113 MP: 20/20
 21993 | Orc:1    | HP: 2/113 [orc priest/divine providence (4)]
 22813 | Orc:1    | Reached skill level 14 in Long Blades
 23038 | Orc:1    | Found a roughly hewn altar of Beogh.
 23165 | Orc:2    | Entered Level 2 of the Orcish Mines
 23177 | Orc:2    | Found a staircase to the Elven Halls.
 23193 | Orc:2    | Found Modghaal's Antique Weapon Shop.
 25096 | Orc:2    | Found Dohipuj's General Store.
 25110 | Orc:2    | Found a runed door.
 25115 | Orc:2    | Noticed strelocc's ghost (adept FoFi)
 25338 | Orc:2    | Found Inkidadgh's Book Emporium.
 25440 | Orc:2    | Noticed Snorg
 25448 | Orc:2    | Killed Snorg
 25502 | Orc:2    | Noticed an orc warlord
 26008 | Orc:1    | Killed an orc warlord
 26212 | Orc:2    | Found Litaaske's Antique Armour Emporium.
 26243 | Orc:2    | Bought a citrine-encrusted plate armour for 924 gold pieces
 26260 | Orc:2    | Identified the cursed +0 plate armour "Kajucog" {rF+ Str-5
                  | Slay+2} (You bought it in a shop on level 2 of the Orcish
                  | Mines)
 26544 | Elf:1    | Entered Level 1 of the Elven Halls
 26823 | Elf:1    | Found a runed door.
 26823 | Elf:1    | Noticed Waci's ghost (journeyman SpEn)
 27847 | Elf:1    | Noticed Frances
 27856 | Elf:1    | Killed Frances
 27856 | Elf:1    | Reached skill level 15 in Long Blades
 28397 | Elf:1    | Identified Xasyxi's Collected Works on Darkness
 29276 | Spider:1 | Entered Level 1 of the Spider Nest
 29294 | Lair:4   | Gained mutation: You sometimes gain power by taking damage.
                  | [demonic ancestry]
 29294 | Lair:4   | Reached XP level 15. HP: 51/124 MP: 7/21
 30184 | Spider:1 | Received a gift from Okawaru
 30570 | Spider:1 | Reached skill level 10 in Shields
 31604 | Spider:2 | Noticed Nikola
 31621 | Spider:2 | Killed Nikola
 31678 | Spider:2 | Received a gift from Okawaru
 32296 | Spider:2 | Reached skill level 16 in Long Blades
 32691 | Spider:3 | Noticed Roxanne
 34298 | Spider:3 | Upgraded the game from 0.23-a0-175-g97aacdb306 to
                  | 0.23-a0-180-ga5275e7ff7
 34405 | Shoals:1 | Entered Level 1 of the Shoals
 35347 | Shoals:1 | Reached skill level 1 in Dodging
 35723 | Shoals:2 | Gained mutation: You are robust. (+10% HP) [demonic
                  | ancestry]
 35723 | Shoals:2 | Reached XP level 16. HP: 50/147 MP: 15/22
 35795 | Shoals:2 | HP: 7/147 [harpy (13)]
 35800 | Shoals:2 | HP: 5/147 [harpy (3)]
 36356 | Shoals:2 | Reached skill level 15 in Fighting
 37049 | IceCv    | Entered an ice cave
 37079 | IceCv    | Received a gift from Okawaru
 38123 | IceCv    | Got a vibrating marble ring
 38125 | IceCv    | Identified the ring of Taetesig {rF+ rC+ MR+} (You acquired
                  | it in an ice cave)
 39186 | Shoals:3 | Received a gift from Okawaru
 40565 | D:12     | Found a flagged portal.
 40597 | Bailey   | Entered a bailey
 41494 | D:12     | Reached skill level 17 in Long Blades
 41966 | D:13     | Noticed Rupert
 41970 | D:13     | Paralysed by Rupert for 2 turns
 41988 | D:13     | Killed Rupert
 42006 | D:13     | Found a gate to the Vaults.
 42467 | D:13     | Noticed Nessos
 42475 | D:13     | Killed Nessos
 42632 | D:13     | Noticed Sonja
 43153 | D:14     | Gained mutation: You frequently emit foul miasma when
                  | damaged in melee. [demonic ancestry]
 43153 | D:14     | Reached XP level 17. HP: 96/158 MP: 16/23
 43159 | D:14     | Received a gift from Okawaru
 43169 | D:14     | Got an encrusted scimitar {god gift}
 43170 | D:14     | Identified the +10 scimitar "Wohe Vei" {freeze, *Noise
                  | rPois Int+4 Dex+4} (Okawaru gifted it to you on level 14 of
                  | the Dungeon)
 44154 | Spider:4 | Entered Level 4 of the Spider Nest
 46202 | Spider:4 | Received a gift from Okawaru
 46305 | Spider:4 | Received a gift from Okawaru
 46939 | Spider:4 | Got a gossamer rune of Zot
 47250 | Shoals:4 | Entered Level 4 of the Shoals
 48263 | Shoals:3 | Reached skill level 18 in Long Blades
 48385 | Shoals:4 | Noticed Polyphemus
 48405 | Shoals:4 | Killed Polyphemus
 49836 | Shoals:4 | Got a translucent tin ring
 49863 | Shoals:4 | Got a scorched platinum ring
 49999 | Shoals:4 | Identified the Guide on Protection and Contamination
 50234 | Shoals:4 | Got a barnacled rune of Zot
 50624 | Shoals:4 | Reached XP level 18. HP: 134/168 MP: 21/24
 51207 | Shoals:4 | Received a gift from Okawaru
 51549 | Elf:2    | Found Pokk's Antique Armour Boutique.
 52843 | Elf:2    | Noticed Azrael
 52867 | Elf:2    | Killed Azrael
 53086 | Elf:2    | Identified the Handbook of Plaster Cramp
 53117 | Elf:2    | Identified Cinon's Volume of Axaxaxas mlö
 53124 | Elf:2    | Identified the Tome of Dhcmrlchtdj
 53219 | Elf:2    | Found a runed gate.
 53219 | Elf:2    | Found a runed gate.
 53219 | Elf:2    | Found a runed gate.
 53284 | Elf:2    | Found Vuqugrei's Jewellery Shoppe.
 53284 | Elf:2    | Found Lilesoil's Gadget Shop.
 53285 | Elf:2    | Found Emicset's Gadget Shop.
 54448 | Elf:2    | Reached skill level 19 in Long Blades
 54640 | Elf:2    | Received a gift from Okawaru
 54795 | Elf:3    | Entered Level 3 of the Elven Halls
 56216 | Elf:3    | Identified the ring "Vuckikk" {rC+ rN+ Str+2 Dex+2 Stlth+}
                  | (You took it off a merfolk aquamancer on level 4 of the
                  | Shoals)
 56218 | Elf:3    | Identified the ring "Tetaonar" {+Fly rF+ rN+ Int-5} (You
                  | took it off a merfolk siren on level 4 of the Shoals)
 56514 | Elf:3    | Reached XP level 19. HP: 132/177 MP: 3/25
 56768 | Elf:3    | Got an uncursed slimy scimitar {speed}
 56768 | Elf:3    | Got a scorched plate armour
 56795 | Elf:2    | Identified the +9 plate armour of Ighal {Stlth+} (You took
                  | it off a deep elf high priest on level 3 of the Elven
                  | Halls)
 56796 | Elf:2    | Identified the +11 scimitar "Wirr" {speed, SInv} (You took
                  | it off a deep elf high priest on level 3 of the Elven
                  | Halls)
 56942 | Elf:3    | Received a gift from Okawaru
 57343 | Elf:3    | Got a glittering bone ring
 57348 | Elf:3    | Identified the ring of Verywial {rElec EV+1} (You took it
                  | off a deep elf annihilator on level 3 of the Elven Halls)
 57415 | Elf:3    | Identified Tots's Wizardry Continued
 57651 | D:15     | Entered Level 15 of the Dungeon
 57780 | D:15     | Found an opulent altar of Gozag.
 57900 | D:15     | Reached ****** piety under Okawaru
 58018 | D:15     | Found a hide-covered altar of Uskayaw.
 58042 | D:15     | Noticed Josephine
 58053 | D:15     | Killed Josephine
 58164 | D:15     | Received a gift from Okawaru
 58187 | D:15     | Found a blossoming altar of Fedhas.
 58228 | D:15     | Found a staircase to the Depths.
 58291 | D:15     | Got a wavering glass ring
 58293 | D:15     | Identified the ring "Adorgh" {rPois rC+ Str+2 Dex+3 SInv}
                  | (You found it on level 15 of the Dungeon)
 58411 | D:15     | Got a wavering turquoise ring
 58433 | D:15     | Identified the ring of Pantheism {EV+4 Dex+4} (You found it
                  | on level 15 of the Dungeon)
 58650 | D:15     | Got a steaming jade ring
 58652 | D:15     | Identified the ring "Reriak" {rPois rN+ Dex+3 Stlth-} (You
                  | found it on level 15 of the Dungeon)
 58718 | D:13     | Killed Sonja
 58723 | Vaults:1 | Entered Level 1 of the Vaults
 58831 | Vaults:1 | Reached skill level 15 in Armour
 59273 | Vaults:1 | Reached skill level 20 in Long Blades
 59617 | Vaults:1 | Received a gift from Okawaru
 60138 | Vaults:1 | Reached XP level 20. HP: 184/188 MP: 19/26
 60196 | Vaults:1 | Found Aro Woas's General Store.
 60983 | Vaults:2 | Received a gift from Okawaru
 61016 | Vaults:2 | Got an encrusted demon blade {god gift}
 61017 | Vaults:2 | Identified the +2 demon blade of Autumn {flame, rC+ Str+3}
                  | (Okawaru gifted it to you on level 2 of the Vaults)
 61818 | Vaults:2 | Found a staircase to the Crypt.
 62073 | Vaults:2 | Found a roughly hewn altar of Beogh.
 62421 | Vaults:2 | Received a gift from Okawaru
 62431 | Vaults:2 | Got a pitted hat {god gift}
 62442 | Vaults:2 | Identified the +0 hat of Catatonia {-Cast rCorr Str+4}
                  | (Okawaru gifted it to you on level 2 of the Vaults)
 62443 | Vaults:2 | Gained mutation: Your spells are a little harder to cast,
                  | but a little more powerful. [potion of mutation]
 62443 | Vaults:2 | Gained mutation: Your system is resistant to poisons.
                  | (rPois) [potion of mutation]
 62443 | Vaults:2 | Gained mutation: You have supernaturally acute eyesight.
                  | (SInv) [potion of mutation]
 62995 | Vaults:3 | Reached skill level 21 in Long Blades
 63240 | Vaults:3 | Gained mutation: You are completely covered in slimy green
                  | scales. (AC +4, rPois) [demonic ancestry]
 63240 | Vaults:3 | Reached XP level 21. HP: 141/196 MP: 21/27
 63384 | Vaults:3 | Found a portal to a secret trove of treasure.
 63654 | Vaults:3 | Found Fuapicy's Assorted Antiques.
 63659 | Vaults:3 | Bought a scroll of enchant armour for 255 gold pieces
 63757 | Vaults:3 | You paid a toll of +6 ice dragon scales to enter a treasure
                  | trove
 63758 | Trove    | Entered a treasure trove
 63809 | Trove    | Got a heavily runed hat
 63820 | Trove    | Identified the +2 hat "Kaaris" {rPois rCorr MP-9} (You
                  | found it in a treasure trove)
 63847 | Trove    | Got an encrusted cloak
 63885 | Trove    | Identified the +0 cloak "Qoehunyu" {MR+} (You found it in a
                  | treasure trove)
 63927 | Trove    | Got a pitted chain mail
 63938 | Trove    | Identified the +3 chain mail "Lotsauxu" {rCorr Str-2 Int+4}
                  | (You found it in a treasure trove)
 64020 | Vaults:3 | Found Zaji's Antique Armour Shoppe.
 64060 | Vaults:3 | Found Qelaumat's Assorted Antiques.
 64096 | Vaults:3 | Bought a polished cloak for 275 gold pieces
 64106 | Vaults:3 | Identified the cursed -1 cloak "Jegror" {*Slow rF+ MR++
                  | MP+9} (You bought it in a shop on level 3 of the Vaults)
 64158 | Vaults:3 | Found Meelud's Assorted Antiques.
 64161 | Vaults:3 | Bought a scroll of silence for 165 gold pieces
 64338 | Vaults:3 | Reached skill level 15 in Shields
 64772 | Vaults:4 | Received a gift from Okawaru
 64775 | Vaults:4 | Got a steaming crystal plate armour {god gift}
 64788 | Vaults:4 | Identified the +0 crystal plate armour of Greed {+Fly MP+9
                  | Slay-3 SInv} (Okawaru gifted it to you on level 4 of the
                  | Vaults)
 66230 | Orc:2    | Bought a scroll of enchant weapon for 97 gold pieces
 66230 | Orc:2    | Bought a scroll of enchant armour for 97 gold pieces
 66332 | Depths:1 | Entered Level 1 of the Depths
 66629 | Depths:1 | Found Tinowkaill's Armour Shoppe.
 66650 | Depths:1 | Found a corrupted altar of Lugonu.
 66832 | Depths:1 | Found a shattered altar of Ashenzari.
 67215 | Depths:1 | Found a gateway to Hell.
 67363 | Depths:2 | Found a magical portal.
 67408 | Depths:2 | Paralysed by a floating eye for 4 turns
 67916 | WizLab   | Entered Zonguldrok's Shrine
 68266 | WizLab   | Noticed an antique lich
 68275 | WizLab   | Killed an antique lich
 68275 | WizLab   | Reached XP level 22. HP: 206/206 MP: 9/28
 68283 | WizLab   | Found the +9 sword of Zonguldrok {reap}
 68384 | Depths:2 | Found Saxuxzaz's General Store.
 68392 | Depths:2 | Bought a scroll of summoning for 133 gold pieces
 68392 | Depths:2 | Bought a scroll of blinking for 105 gold pieces
 68397 | Depths:2 | Paralysed by a floating eye for 4 turns
 68406 | Depths:2 | Paralysed by a floating eye for 3 turns
 68422 | Depths:2 | Reached skill level 22 in Long Blades
 68543 | Depths:2 | Received a gift from Okawaru
 68967 | Depths:2 | Found a one-way gate to the infinite horrors of the Abyss.
 69271 | Depths:2 | Found a runed gate.
 69271 | Depths:2 | Found a runed gate.
 69271 | Depths:2 | Found a runed gate.
 69271 | Depths:2 | Noticed Execuda's ghost (veteran GnFi)
 69271 | Depths:2 | Noticed Sergey's ghost (adept DDFi)
 69272 | Depths:2 | Noticed Offe's ghost (veteran GrFi)
 69319 | Depths:2 | Killed Execuda's ghost
 69328 | Depths:2 | Killed Offe's ghost
 69342 | Depths:2 | Killed Sergey's ghost
 69592 | Depths:2 | Lost mutation: Your system is resistant to poisons. (rPois)
                  | [potion of mutation]
 69592 | Depths:2 | Lost mutation: You have supernaturally acute eyesight.
                  | (SInv) [potion of mutation]
 69592 | Depths:2 | Lost mutation: Your spells are a little harder to cast, but
                  | a little more powerful. [potion of mutation]
 69592 | Depths:2 | Gained mutation: You are agile. (Dex +2) [potion of
                  | mutation]
 69592 | Depths:2 | Gained mutation: You possess an exceptional clarity of
                  | mind. [potion of mutation]
 69592 | Depths:2 | Gained mutation: Your natural rate of healing is unusually
                  | fast. [potion of mutation]
 69592 | Depths:2 | Gained mutation: Your mind is acute. (Int +2) [potion of
                  | mutation]
 69783 | Depths:3 | Noticed a juggernaut
 69802 | Depths:3 | Killed a juggernaut
 69809 | Depths:3 | Received a gift from Okawaru
 70071 | Depths:3 | Found a one-way gate leading to the halls of Pandemonium.
 70071 | Depths:3 | Identified the Grimoire of the Arsonist and Air
 70826 | Depths:4 | Received a gift from Okawaru
 71333 | Depths:4 | Found a deep blue altar of Sif Muna.
 71333 | Depths:4 | Noticed an ancient lich
 71347 | Depths:4 | Killed an ancient lich
 71347 | Depths:4 | Reached XP level 23. HP: 166/215 MP: 6/29
 71440 | Depths:4 | Identified Mehotoq's Tome of the Glacial Mountains
 71485 | Depths:4 | Identified Sif Muna's Compendium of Summoning
 71524 | Depths:4 | Received a gift from Okawaru
 71563 | Depths:4 | Got a coiled granite ring
 71565 | Depths:4 | Identified the ring "Nikho" {+Fly Int+3} (You acquired it
                  | on level 4 of the Depths)
 71619 | Depths:4 | Identified the Guide on Mutagenic Translocation
 71630 | Depths:4 | Identified Neithas's Almanac of Helpful Sinister Arts
 71632 | Depths:4 | Identified the Tome of Damaging Displacement
 71788 | Depths:4 | Found a corrupted altar of Lugonu.
 71950 | Depths:5 | Entered Level 5 of the Depths
 72087 | Depths:5 | Found a gateway to a ziggurat.
 72254 | Depths:5 | Reached skill level 23 in Long Blades
 72362 | Depths:5 | Found a gate to the Realm of Zot.
 72630 | Depths:5 | Noticed Sojobo
 72643 | Depths:5 | Cast into level 3 of the Abyss (tengu reaver)
 72918 | Abyss:3  | Gained mutation: Your body sometimes deteriorates upon
                  | taking damage. [a neqoxec]
 72936 | Abyss:3  | Received a gift from Okawaru
 73132 | Abyss:3  | Gained mutation: You are resistant to hostile enchantments.
                  | (MR+) [a neqoxec]
 73139 | Abyss:3  | Gained mutation: You are weak. (Str -2) [a neqoxec]
 73412 | Depths:5 | Escaped the Abyss
 73451 | Depths:5 | Killed Sojobo
 73544 | Depths:5 | Noticed a caustic shrike
 73545 | Depths:5 | Noticed a caustic shrike
 73547 | Depths:5 | Noticed a caustic shrike
 73552 | Depths:5 | Killed a caustic shrike
 73561 | Depths:5 | Killed a caustic shrike
 73569 | Depths:5 | Killed a caustic shrike
 73569 | Depths:5 | Received a gift from Okawaru
 74271 | Vaults:5 | Entered Level 5 of the Vaults
 74400 | Vaults:5 | Gained mutation: You are very robust. (+20% HP) [demonic
                  | ancestry]
 74400 | Vaults:5 | Reached XP level 24. HP: 191/247 MP: 1/29
 74670 | Vaults:5 | Reached skill level 24 in Long Blades
 74699 | Vaults:5 | Received a gift from Okawaru
 74715 | Vaults:5 | Noticed a juggernaut
 74719 | Vaults:5 | Noticed a shard shrike
 74719 | Vaults:5 | a juggernaut changed into a shard shrike
 74721 | Vaults:5 | Noticed a juggernaut
 74721 | Vaults:5 | a shard shrike changed into a juggernaut
 74725 | Vaults:5 | a juggernaut changed into an acid blob
 74774 | Vaults:5 | Slain by a titan

Vault maps used:
D:1:      minmay_arrival_cross, minmay_tetromino_o2
D:2:      kennysheep_path_1
D:3:      overflow_temple_1_default, dk_vineyard_3
D:4:      nicolae_overflow_crystal_walls, first_ration,
          minmay_misc_feat_secret_circle, uniq_pikel, uniq_robin
D:5:      lemuel_round_altar, corexii_leaking_fountain
D:6:      cheibrodos_two_vegetables
D:7:      minmay_temple_entry_grid, serial_bayou, serial_bayou_lake_a,
          serial_bayou_shore_b, serial_bayou_crossing, serial_bayou_lagoon_a,
          grunt_ogre_cave, st_stairs_10, serial_bayou_pond_c, uniq_harold
D:8:      kennysheep_little_box, grunt_temple_overflow_open, serial_shops, shop
D:9:      grunt_temple_overflow_lords_of_destruction, lemuel_doored_altar,
          nicolae_ru_awakened_eye, cheibrodos_worm_habitat, lair_entry_dummy,
          serial_shops, shop, uniq_maurice
D:11:     orc_0_dummy, serial_shops, nicolae_shop_temple_entry_statues_fountains
D:12:     enter_bailey_2
D:13:     lightli_vaults_fourway_checkpoint, uniq_sonja, uniq_rupert,
          uniq_nessos
D:14:     serial_bayou_pond_b
D:15:     hangedman_spin_cycle, serial_shops, uniq_josephine
Temple:   jpeg_temple_island
Lair:1:   infiniplex_staircase_pool_2
Lair:2:   elwin_shoals_entry_rooms, kennysheep_abandoned_house,
          minmay_lair_oklob_chamber
Lair:3:   st_stairs_12
Lair:4:   nicolae_spider_entry_orb_guardian
Lair:5:   beast_lair_carwin_1
Lair:6:   hangedman_lair_caniforms_friends, minmay_slime_entry_oklob_open
Shoals:2: portal_ice_cave_entry_pillars_1
Shoals:3: abandoned_shop
Shoals:4: shoals_end_grunt_ice, nicolae_shoals_arrival_archipelago,
          uniq_polyphemus
Spider:2: nicolae_spider_mines_1, nicolae_spider_stair_cavern, uniq_nikola
Spider:3: uniq_roxanne
Spider:4: grunt_spider_rune_parallel, spider_trap
Orc:1:    ebering_ghost_rock_garden, basic_altar, minmay_orc_temple_c
Orc:2:    grunt_orc_gardens, grunt_orc_garden, grunt_orc_garden,
          grunt_orc_garden, grunt_orc_garden, ebering_ghost_inner_flame,
          uniq_snorg
Elf:1:    eino_elf_arrival_shootout, ebering_ghost_inner_flame,
          minmay_elf_necromancy, item_on_display_a, uniq_frances
Elf:2:    serial_shops, shop, bh_hangedman_babel_library, minmay_shop_grove,
          uniq_azrael
Elf:3:    minmay_elf_hall_quartered_circle
Vaults:1: hangedman_vaults_corner_blocks, v_misc_10, vaults_dpeg_doors,
          v_alt_pattern_5, dpeg_vaults_monster_row, v_alt_pattern_1, v_misc_9,
          v_misc_3, vaults_room_door_hall, v_misc_16,
          nicolae_vaults_hallways_thing, v_misc_14, st_check, vaults_room_pool,
          vaults_room_hallway, serial_shops, nicolae_shop_stone
Vaults:2: minmay_crypt_entry_simple_walls, v_misc_31, v_rooms_4,
          special_room_vaults, v_misc_5, v_pattern_5, hangedman_vaults_capsules,
          grunt_vaults_funnel, vaults_dpeg_hooks
Vaults:3: nicolae_vaults_little_squares_6, vaults_mumra_minichess,
          vaults_room_boxed, hangedman_vaults_slice, v_alt_pattern_6,
          vaults_room_door_ring, nicolae_vaults_border_crossing, v_misc_3,
          hangedman_vaults_stretched_pinwheel, v_misc_22, serial_shops,
          nicolae_shop_behind_doors, shop_fountains, nicolae_shop_behind_doors,
          shop, nicolae_trove_entry_free_sample
Vaults:4: v_misc_15, nicolae_vaults_network_s, nicolae_vaults_mini_display_case,
          nicolae_vaults_windows_and_doors_thing, vaults_room_semicircle
Depths:1: grunt_hell_entry_demonic_statue, nicolae_ashenzari_panopticon,
          serial_shops, shop_fountains, eino_small_chamber_without_monster,
          tgw_lugonu_bribe
Depths:2: minmay_curly_fans, abandoned_shop, serial_shops, nicolae_shop_crystal,
          marbit_kobold_abyss_entry, gammafunk_ghost_cemetery,
          mu_enter_wizlab_6, hell_entry
Depths:3: minmay_strange_plus, hellmouth_1, pan_entry,
          infiniplex_staircase_zigzag_4
Depths:4: evilmike_library_of_no_secrets, abyss_entry_flame_altar,
          patterned_corridor, grunt_hell_entry_dis_mu, grunt_ministairs_8,
          lemuel_flamethrower_3, infiniplex_staircase_squiggle
Depths:5: evilmike_zot_entry_round, enter_ziggurat_e, grunt_pan_entry_spiral,
          hell_entry, hangedman_glass_teeth, uniq_sojobo
Abyss:3:  evilmike_abyss_rune_ettins
Trove:    trove_armour_1
Bailey:   bailey_polearm_gnolls_kennysheep, bailey
IceCv:    ice_cave_statue_garden_chambered
WizLab:   wizlab_zonguldrok

Skill      XL: |  1  2  3  4  5  6  7  8  9 10 11 12 13 14 15 16 17 18 19 20 21 22 23 24 |
---------------+-------------------------------------------------------------------------+-----
Long Blades    | 2 3 4 5 7 8 10 11 12 13 15 16 17 18 19 20 21 22 23 24 | 24.2
Armour         | 3 4 5 6 7 8 9 10 11 12 13 14 15 16 17 18 | 18.3
Shields        | 3 4 5 6 7 8 9 10 11 12 13 14 15 16 17 | 17.5
Fighting       | 4 5 6 7 8 9 10 11 13 14 16 17 18 19 20 21 | 21.1
Invocations    | 1 5 7 8 |  8.7
Dodging        | 1 4 |  4.1

Action                   |  1- 3 |  4- 6 |  7- 9 | 10-12 | 13-15 | 16-18 | 19-21 | 22-24 || total
-------------------------+-------+-------+-------+-------+-------+-------+-------+-------++-------
Melee: Long sword        |    81 |   183 |   121 |   569 |   653 |   864 |       |       ||  2471
       Falchion          |       |       |   416 |   125 |       |       |       |       ||   541
       Kick              |       |       |   138 |   289 |   500 |   863 |  1116 |   818 ||  3724
       Rapier            |       |       |       |    50 |     7 |       |       |       ||    57
       Triple sword      |       |       |       |       |   586 |       |       |       ||   586
       Scimitar          |       |       |       |       |       |   849 |  1453 |       ||  2302
       Double sword      |       |       |       |       |       |   137 |   384 |  1366 ||  1887
       Demon blade       |       |       |       |       |       |       |    99 |       ||    99
Invok: Heroism           |       |       |       |     8 |    25 |    30 |    19 |    23 ||   105
       Finesse           |       |       |       |     3 |    16 |    21 |     8 |    10 ||    58
Evoke: Wand              |       |       |       |       |       |    20 |     2 |       ||    22
  Use: Scroll            |     4 |     5 |     7 |    13 |    16 |    13 |    17 |     4 ||    79
       Potion            |     1 |     2 |     3 |     1 |     3 |       |     1 |    10 ||    21
 Stab: Distracted        |       |       |       |       |       |     1 |       |     1 ||     2
       Petrified         |       |       |       |       |       |       |       |     2 ||     2
       Invisible         |       |       |       |       |       |       |       |     1 ||     1
  Eat: Chunk             |     1 |     6 |    13 |    14 |    29 |    29 |    21 |    10 ||   123
       Ration            |       |       |     4 |     6 |     8 |    11 |     7 |     4 ||    40
Armor: Scale mail        |    18 |       |       |       |       |       |       |       ||    18
       Chain mail        |    23 |   181 |   303 |    80 |   725 |   598 |       |       ||  1910
       Plate armour      |       |       |       |   241 |    40 |       |   428 |   297 ||  1006
       Fire dragon scale |       |       |       |     2 |       |       |       |       ||     2
Dodge: Dodged            |    20 |    44 |   112 |   141 |   380 |   353 |   257 |   208 ||  1515
       Deflected         |       |       |       |       |     3 |    43 |     6 |       ||    52
Block: Shield            |    29 |   152 |   324 |   401 |    52 |       |       |       ||   958
       Large shield      |       |       |       |       |   587 |  1666 |  1424 |  1048 ||  4725
       Reflection        |       |       |       |       |       |       |    49 |    81 ||   130
       Rpst.: Long sword |     4 |    21 |    15 |    22 |    28 |    31 |       |       ||   121
       Falchion          |       |       |    22 |    11 |       |       |       |       ||    33
       Triple sword      |       |       |       |       |    58 |       |       |       ||    58
       Scimitar          |       |       |       |       |       |    26 |    38 |       ||    64
       Double sword      |       |       |       |       |       |     6 |    16 |    40 ||    62
       Demon blade       |       |       |       |       |       |       |     1 |       ||     1

Table legend:
 A = Non-vault XP
 B = Vault XP
 C = Vault XP percentage of total XP
 D = Non-vault monster count
 E = Vault monster count
 F = Vault count percentage of total count
                 A         B        C        D         E       F
            +---------+---------+-------+---------+---------+-------
      Total |  568947 |  519010 |  47.7 |    1279 |     770 |  37.6
            +---------+---------+-------+---------+---------+-------
        D:1 |      28 |       4 |  12.5 |      17 |       1 |   5.6
        D:2 |      83 |       0 |   0.0 |      17 |       0 |   0.0
        D:3 |      34 |       0 |   0.0 |      19 |       0 |   0.0
        D:4 |     427 |     706 |  62.3 |      19 |      13 |  40.6
        D:5 |     285 |       0 |   0.0 |      16 |       0 |   0.0
        D:6 |    1464 |     134 |   8.4 |      28 |       2 |   6.7
        D:7 |    1680 |    1464 |  46.6 |      34 |       6 |  15.0
        D:8 |     544 |       0 |   0.0 |      16 |       0 |   0.0
        D:9 |    1036 |     505 |  32.8 |      17 |       3 |  15.0
       D:10 |    1898 |       0 |   0.0 |      22 |       0 |   0.0
       D:11 |    3997 |       0 |   0.0 |      33 |       0 |   0.0
       D:12 |    5980 |       0 |   0.0 |      46 |       0 |   0.0
       D:13 |    5991 |   10750 |  64.2 |      28 |      15 |  34.9
       D:14 |   10735 |    2193 |  17.0 |      32 |       6 |  15.8
       D:15 |     215 |   43856 |  99.5 |       1 |      70 |  98.6
     Lair:1 |    3896 |       0 |   0.0 |      13 |       0 |   0.0
     Lair:2 |    4494 |    2315 |  34.0 |      16 |      17 |  51.5
     Lair:3 |    3025 |     367 |  10.8 |      10 |       1 |   9.1
     Lair:4 |    4568 |     547 |  10.7 |      18 |       1 |   5.3
     Lair:5 |    8992 |    1440 |  13.8 |      28 |       3 |   9.7
     Lair:6 |   10220 |   10681 |  51.1 |      27 |      56 |  67.5
   Shoals:1 |    6441 |       0 |   0.0 |      13 |       0 |   0.0
   Shoals:2 |   11836 |       0 |   0.0 |      23 |       0 |   0.0
   Shoals:3 |   25755 |    1816 |   6.6 |      52 |       3 |   5.5
   Shoals:4 |   11794 |   22389 |  65.5 |      24 |      32 |  57.1
   Spider:1 |   13531 |       0 |   0.0 |      43 |       0 |   0.0
   Spider:2 |   13364 |    5834 |  30.4 |      42 |       7 |  14.3
   Spider:3 |    9860 |       0 |   0.0 |      23 |       0 |   0.0
   Spider:4 |    7823 |   20991 |  72.9 |      18 |      43 |  70.5
      Orc:1 |    1061 |    7490 |  87.6 |      12 |      36 |  75.0
      Orc:2 |    2620 |    8733 |  76.9 |      28 |      24 |  46.2
      Elf:1 |   19106 |    8446 |  30.7 |      30 |      14 |  31.8
      Elf:2 |   16448 |   26519 |  61.7 |      23 |      36 |  61.0
      Elf:3 |    5415 |   39406 |  87.9 |      11 |      33 |  75.0
   Vaults:1 |   12352 |   24178 |  66.2 |      22 |      32 |  59.3
   Vaults:2 |   51520 |   27694 |  35.0 |      68 |      50 |  42.4
   Vaults:3 |   32430 |   19500 |  37.6 |      54 |      26 |  32.5
   Vaults:4 |   33550 |    7960 |  19.2 |      52 |      11 |  17.5
   Vaults:5 |   41254 |   92880 |  69.2 |      40 |      59 |  59.6
   Depths:1 |   18105 |    8197 |  31.2 |      19 |      32 |  62.7
   Depths:2 |   42531 |   19014 |  30.9 |      53 |      12 |  18.5
   Depths:3 |   35413 |   22161 |  38.5 |      37 |      14 |  27.5
   Depths:4 |   14676 |   32252 |  68.7 |      21 |      23 |  52.3
   Depths:5 |   35295 |   32315 |  47.8 |      25 |      29 |  53.7
    Abyss:3 |   22901 |    1502 |   6.2 |      56 |       3 |   5.1
     Bailey |       0 |    1216 | 100.0 |       0 |      30 | 100.0
      IceCv |       0 |    8151 | 100.0 |       0 |      22 | 100.0
     WizLab |   14274 |    5404 |  27.5 |      33 |       5 |  13.2
            +---------+---------+-------+---------+---------+-------
